 Dungeon Crawl Stone Soup version 0.30-a0-802-gb92711bcdf (webtiles) character file.

Game seed: 8914987828274461649

258 cforsyth the Sneak (level 6, 0/38 HPs)
             Began as a Kobold Brigand on Feb 25, 2023.
             Slain by a gnoll
             ... wielding a +0 whip
              (4 damage)
             ... on level 4 of the Dungeon.
             The game lasted 00:02:52 (2768 turns).

cforsyth the Sneak (Kobold Brigand)                 Turns: 2768, Time: 00:02:53

Health: 0/38       AC:  3    Str:  9    XL:     6   Next: 40%
Magic:  15/15      EV: 16    Int: 15    God:
Gold:   196        SH:  0    Dex: 18    Spells: 5/5 levels left

rFire   + . .      SeeInvis .    o - +7 hand axe of Grontol {drain, rPois Int+3}
rCold   . . .      Faith    .    (no shield)
rNeg    . . .      Spirit   .    b - +0 robe
rPois   +          Reflect  .    (no helmet)
rElec   .          Harm     .    c - +0 cloak
rCorr   .          Rampage  .    (no gloves)
Will    .....                    (no boots)
Stlth   +++++                    (no amulet)
HPRegen 0.26/turn                g - ring of protection from fire
MPRegen 0.14/turn                h - ring of magical power

@: no status effects
A: small, no large weapons, nightstalker 3
a: no special abilities


You were on level 4 of the Dungeon.
You visited 1 branch of the dungeon, and saw 4 of its levels.

You collected 196 gold pieces.

Inventory:

Hand Weapons
 a - a +2 dagger
 o - the +7 hand axe of Grontol (weapon) {drain, rPois Int+3}
   (You found it on level 2 of the Dungeon)

   Int:       It affects your intelligence (+3).
   rPois:     It protects you from poison.
Missiles
 d - 9 poisoned darts (quivered)
 e - 6 curare-tipped darts
 u - 4 atropa-tipped darts
Armour
 b - a +0 robe (worn)
 c - a +0 cloak (worn)
Jewellery
 g - a ring of protection from fire (left hand)
 h - a ring of magical power (right hand)
 v - a ring of protection from fire
 w - a ring of poison resistance
Scrolls
 k - 2 scrolls of enchant armour {unknown}
 l - a scroll of vulnerability {unknown}
 m - a scroll of enchant weapon {unknown}
 n - 2 scrolls of teleportation {unknown}
 t - a scroll of amnesia {unknown}
 x - a scroll of fear {unknown}
Potions
 f - a potion of berserk rage {unknown}
 i - 2 potions of haste {unknown}
 j - 3 potions of curing {unknown}
 p - a potion of brilliance {unknown}
 q - 2 potions of lignification {unknown}
 r - a potion of invisibility {unknown}
 s - 2 potions of might {unknown}


   Skills:
 + Level 3.8 Fighting
 + Level 4.7 Short Blades
 - Level 2.1 Throwing
 + Level 3.7 Dodging
 + Level 6.7 Stealth


You had 5 spell levels left.
You didn't know any spells.
Your spell library contained the following spells:

 Spells                   Type           Power      Damage    Failure   Level
 Ignite Poison            Fire/Tmut/Pois 0%         N/A       63%         3
 Sticky Flame             Conj/Fire      0%         2d3       95%         4
 Ignition                 Fire           0%         3d3       100%        8


Dungeon Overview and Level Annotations

Branches:
Dungeon (4/15)
 Temple: D:4-7

Altars:
Cheibriados
Elyvilon
Okawaru
Ru
Trog
Zin

Annotations:
D:3 1 transporter, pigah's ghost, amateur OpWn


Innate Abilities, Weirdness & Mutations

You are small and have problems with some larger weapons.
You are completely attuned to the shadows.


Message History

You hit the gnoll. You punch the gnoll.
The gnoll is heavily wounded.
The gnoll hits you with a +6 flail!
A gnoll comes into view. It is wielding a +0 whip.
You hit the gnoll but do no damage.
The gnoll is heavily wounded.
The gnoll hits you with a +6 flail.
You are too injured to fight recklessly!
You are too injured to fight recklessly!
You are too injured to fight recklessly!
You are too injured to fight recklessly!
You are too injured to fight recklessly!
You are too injured to fight recklessly!
You are too injured to fight recklessly!
You are too injured to fight recklessly!
You are too injured to fight recklessly!
You are too injured to fight recklessly!
You are too injured to fight recklessly!
You are too injured to fight recklessly!
You are too injured to fight recklessly!
You are too injured to fight recklessly!
You are too injured to fight recklessly!
The gnoll hits you with a +6 flail!
* * * LOW HITPOINT WARNING * * *
You slash the gnoll!
The gnoll is severely wounded.
You hit the gnoll.
The gnoll is almost dead.
The gnoll misses you.
You hit the gnoll. You drain the gnoll.
You kill the gnoll!
You completely miss the gnoll.
The gnoll is severely wounded.
The gnoll hits you with a +0 whip.
* * * LOW HITPOINT WARNING * * *
The gnoll barely misses you.
You barely miss the gnoll.
The gnoll is severely wounded.
The gnoll hits you with a +0 whip.
You die...

#..... #.##..
.. #.##.#..#
#.##.#..#
#######.##.....
..........J##.#
###.##.##g#
#.##.##g#
#.##.##@#
#.##.##.##.
#........[.
######[.###
#..# ####..#
......# #.#
####.## #.# #†#
#.#


You could see 2 gnolls and an endoplasm.

Vanquished Creatures
  A howler monkey (D:4)
  An iron imp (D:3)
  Terence (D:2)
  An orc wizard (D:3)
  5 gnolls (D:4)
  2 adders
  A worm (D:2)
  2 dart slugs
  7 orcs (D:3)
  6 ball pythons
  6 bats
  6 endoplasms
  3 giant cockroaches (D:1)
  4 goblins (D:1)
  6 hobgoblins
  6 kobolds
  3 quokkas
  A frilled lizard (D:1)
  7 rats
69 creatures vanquished.

Notes
Turn   | Place    | Note
-------+----------+-------------------------------------------
     0 | D:1      | cforsyth the Kobold Brigand began the quest for the Orb.
     0 | D:1      | Reached XP level 1. HP: 12/12 MP: 1/1
    49 | D:1      | Reached XP level 2. HP: 18/18 MP: 2/2
   281 | D:1      | Reached XP level 3. HP: 22/22 MP: 3/3
   916 | D:2      | Identified the +7 hand axe of Grontol {drain, rPois Int+3}
   943 | D:2      | Reached XP level 4. HP: 26/27 MP: 4/4
  1151 | D:2      | Noticed Terence
  1158 | D:2      | Killed Terence
  1159 | D:2      | Reached skill level 6 in Stealth
  1308 | D:3      | Reached XP level 5. HP: 32/32 MP: 5/5
  1561 | D:3      | Found a glowing silver altar of Zin.
  1833 | D:3      | Found a transporter.
  1834 | D:3      | Noticed pigah's ghost (amateur OpWn)
  1863 | D:3      | Found a snail-covered altar of Cheibriados.
  2062 | D:3      | Found a bloodstained altar of Trog.
  2065 | D:3      | Found a white marble altar of Elyvilon.
  2072 | D:3      | Found an iron altar of Okawaru.
  2075 | D:3      | Found a sacrificial altar of Ru.
  2476 | D:4      | Reached XP level 6. HP: 14/37 MP: 6/6
  2768 | D:4      | Slain by a gnoll

Illustrated notes

Levels and vault maps discovered:
D:1:      dpeg_arrival_ternary, layout_basic
D:2:      layout_rooms, minmay_tetromino_t4, uniq_terence
D:3:      layout_basic, zin_scriptorium, grunt_temple_overflow_cloverleaf,
          slow_altar_1, gammafunk_ghost_smash, minmay_checkerbox
D:4:      layout_loops_ring

Skill      XL: |  1  2  3  4  5 |
---------------+----------------+-----
Short Blades   | 3 4 |  4.7
Dodging        | 2 3 |  3.7
Fighting       | 3 |  3.8
Stealth        | 6 |  6.7
Throwing       | |  2.1

Action                     |  1- 3 |  4- 6 || total
---------------------------+-------+-------++-------
  Melee: Dagger            |    38 |       ||    38
         Hand axe          |     9 |    77 ||    86
         Punch             |       |     1 ||     1
   Stab: Sleeping          |    24 |    14 ||    38
         Distracted        |       |     1 ||     1
 Armour: Robe              |     1 |     7 ||     8
  Dodge: Dodged            |     7 |    42 ||    49

Table legend: (Time is in decaauts)
 A = Elapsed time spent in this place.
 B = Non-inter-level travel time spent in this place.
 C = Inter-level travel time spent in this place.
 D = Time resting spent in this place.
 E = Time spent auto-exploring this place.
 F = Levels seen in this place.
 G = Mean time per level.
                   A        B        C        D        E       F      G
               +--------+--------+--------+--------+--------+-----+--------+
         Total |   2787 |   2761 |     26 |    126 |   2244 |   4 |  696.8 |
       Dungeon |   2787 |   2761 |     26 |    126 |   2244 |   4 |  696.8 |
               +--------+--------+--------+--------+--------+-----+--------+

Top non-repeatable levels by time:
     D:3: 1309 daAuts
     D:1: 856 daAuts
     D:2: 440 daAuts
     D:4: 180 daAuts
